 Dungeon Crawl Stone Soup version 0.29-a0-529-gfa20dd96a1 (webtiles) character file.

Game seed: 9686949635410567666

654 jifgo the Insei (level 7, -2/48 HPs)
             Began as an Octopode Transmuter on June 2, 2022.
             Slain by an ice beast (12 damage)
             ... in the Ecumenical Temple.
             The game lasted 00:09:29 (5871 turns).

jifgo the Insei (Octopode Transmuter)               Turns: 5871, Time: 00:09:30

Health: -2/48      AC:  1    Str: 12    XL:     7   Next: 54%
Magic:  12/13      EV: 13    Int: 15    God:
Gold:   118        SH:  0    Dex: 12    Spells: 4/14 levels left

rFire   . . .      SeeInvis .     - Unarmed
rCold   . . .      Faith    .   (no shield)
rNeg    . . .      Spirit   .   (helmet currently unavailable)
rPois   .          Reflect  .   (no amulet)
rElec   .          Harm     .   (no ring)
rCorr   .          Rampage  .   (no ring)
Will    .....                   (no ring)
Stlth   ++........              (no ring)
HPRegen 0.16/turn               (no ring)
MPRegen 0.13/turn               (no ring)
                                (no ring)
                                (no ring)

@: appendages (expiring), wereblooded
A: tentacle spike 3, almost no armour, amphibious, 8 rings, camouflage 1,
gelatinous body 1, (nimble swimmer 1), tentacles
a: End Transformation


You were in the Ecumenical Temple.
One of your tentacles had grown a beastly spike.
You visited 2 branches of the dungeon, and saw 6 of its levels.

You collected 157 gold pieces.
You spent 39 gold pieces at shops.

Inventory:

Missiles
 d - 6 javelins
 p - 2 throwing nets
Wands
 n - a wand of flame (17) (quivered)
Potions
 a - a potion of lignification
 b - 2 potions of flight
 c - 2 potions of resistance
 f - a potion of heal wounds {unknown}
 g - a potion of degeneration {unknown}
 i - 2 potions of curing
 j - a potion of ambrosia
 o - a potion of invisibility {unknown}


   Skills:
 + Level 4.1 Fighting
 - Level 2.0 Dodging
 + Level 5.0 Unarmed Combat
 + Level 4.1 Spellcasting
 - Level 3.0 Transmutations
 - Level 3.0 Poison Magic


You had 4 spell levels left.
You knew the following spells:

 Your Spells              Type           Power      Damage    Failure   Level
a - Wereblood             Tmut           12%        N/A       8%          2
b - Spider Form           Tmut/Pois      12%        N/A       16%         3
c - Ice Form              Ice/Tmut       7%         N/A       67%         4
x - Beastly Appendage     Tmut           24%        N/A       5%          1

Your spell library contained the following spells:

 Spells                   Type           Power      Damage    Failure   Level
 Apportation              Tloc           6%         N/A       19%         1
 Necrotize                Necr           12%        1d4       19%         1
 Summon Small Mammal      Summ           12%        N/A       19%         1
 Ensorcelled Hibernation  Hex/Ice        6%         N/A       26%         2
 Vampiric Draining        Necr           3%         2d6       47%         3
 Anguish                  Hex/Necr       1%         N/A       87%         4
 Agony                    Necr           3%         N/A       99%         5


Dungeon Overview and Level Annotations

Branches:
Dungeon (5/15)             Temple (1/1) D:5

Altars:
Elyvilon
Gozag
Kikubaaqudgha
Makhleb
Okawaru
Qazlal
Ru
Sif Muna
Uskayaw
Vehumet
Xom
Yredelemnul
The Shining One

Shops:
D:3 !


Innate Abilities, Weirdness & Mutations

One of your tentacles has grown a beastly spike.
You cannot wear most types of armour.
You are amphibious.
You can wear up to eight rings at the same time.
Your skin changes colour to match your surroundings (Stealth+).
Your rubbery body absorbs attacks. (AC +1, EV +1)
((You are camouflaged when in or above water. (Stealth+)))
You have tentacles for arms and can constrict up to eight enemies at once.


Message History

Confirm with . or Enter, or press ? or * to list all spells.
Your blood is infused with primal strength.
Found a scroll of torment and a fizzy purple potion.
The helpless ice beast fails to defend itself.
You tentacle-slap the ice beast.
You pierce the ice beast.
The ice beast is moderately wounded.
The ice beast hits you. The ice beast freezes you!
You tentacle-slap the ice beast but do no damage.
Your tentacle spike misses the ice beast.
The ice beast is moderately wounded.
The ice beast hits you. The ice beast freezes you.
You tentacle-slap the ice beast.
Your tentacle spike misses the ice beast.
You squeeze the ice beast, but do no damage.
The ice beast is heavily wounded.
The ice beast hits you.
* * * LOW HITPOINT WARNING * * *
The ice beast freezes you!
* * * LOW HITPOINT WARNING * * *
You tentacle-slap the ice beast but do no damage.
The ice beast is heavily wounded.
You tentacle-slap the ice beast.
You pierce the ice beast.
The ice beast is heavily wounded.
The ice beast closely misses you.
Unknown command.
There is a staircase to the Ecumenical Temple here.
The ice beast barely misses you.
You climb downwards.
Welcome back to the Ecumenical Temple!
Your transformation is almost over.
There is a staircase back to the Dungeon here.
An ice beast is nearby!
Aiming: Throw Flame
Press: ? - help, Shift-Dir - straight line, f - ice beast
Aim: an ice beast (heavily wounded, 68% to hit)
The puff of flame hits the ice beast.
The ice beast melts!
The ice beast is severely wounded.
The ice beast hits you.
* * * LOW HITPOINT WARNING * * *
The ice beast freezes you!
You die...

#.._..# ###'### #
#.....###.....###
##...'#.........#
#####...........
#.....###....
#######....#####...
##...##....#'...+#..
#...Y.#...##.....##.
#..@..'...##.._..###
#.....#...##.....##.
##...##....#'...+#..
#######....#####...
#.....###....
#####...........
##...'#.........#
#.....###.....###
#.._..# ###'### #


You could see an ice beast.

Vanquished Creatures
  Eustachio (D:4)
  An ogre (D:4)
  2 scorpions (D:4)
  A howler monkey (D:4)
  3 hounds (D:4)
  3 orc wizards (D:4)
  3 adders
  A river rat (D:4)
  A worm (D:3)
  2 dart slugs (D:3)
  9 orcs
  An endoplasm (D:1)
  4 giant cockroaches
  11 goblins
  6 hobgoblins
  7 kobolds
  7 quokkas
  2 ball pythons (D:1)
  4 bats
  2 frilled lizards
  5 rats
76 creatures vanquished.

Notes
Turn   | Place    | Note
-------+----------+-------------------------------------------
     0 | D:1      | jifgo the Octopode Transmuter began the quest for the Orb.
     0 | D:1      | Reached XP level 1. HP: 13/13 MP: 3/3
   246 | D:1      | Reached XP level 2. HP: 17/18 MP: 3/5
   271 | D:1      | Learned a level 2 spell: Wereblood
   666 | D:1      | Found a faded altar of an unknown god.
  1011 | D:2      | Reached XP level 3. HP: 21/23 MP: 4/6
  1027 | D:2      | Learned a level 3 spell: Spider Form
  2331 | D:3      | Reached XP level 4. HP: 27/29 MP: 5/7
  2921 | D:3      | Found Faihimpa's Distillery.
  2927 | D:3      | Bought a potion of curing for 39 gold pieces
  3069 | D:4      | Noticed a scorpion
  3202 | D:4      | Noticed a scorpion
  3354 | D:4      | Noticed Eustachio
  3354 | D:4      | Noticed an ogre
  3619 | D:4      | HP: 1/29 [ogre/+0 giant club (28)]
  3622 | D:4      | Killed an ogre
  3623 | D:4      | Reached skill level 1 in Poison Magic
  3623 | D:4      | Reached XP level 5. HP: 2/35 MP: 6/9
  3985 | D:4      | Reached skill level 4 in Unarmed Combat
  4021 | D:4      | Killed Eustachio
  4022 | D:4      | Reached XP level 6. HP: 38/42 MP: 4/11
  4345 | D:4      | Reached XP level 7. HP: 20/46 MP: 9/12
  4956 | D:4      | Reached skill level 5 in Unarmed Combat
  5412 | D:4      | Learned a level 4 spell: Ice Form
  5413 | D:5      | Entered Level 5 of the Dungeon
  5621 | D:5      | Found a staircase to the Ecumenical Temple.
  5631 | Temple   | Entered the Ecumenical Temple
  5871 | Temple   | Slain by an ice beast

Illustrated notes

Levels and vault maps discovered:
D:1:      erik_arrival_orb_chamber, layout_basic,
          chequers_ecumenical_altar_simple_redux
D:2:      layout_basic
D:3:      layout_loops_ring, serial_shops, nicolae_shop_stone
D:4:      layout_loops_corners, gup_sewer_entry_bowl, uniq_eustachio
D:5:      layout_gridville, mainiacjoe_overflow_paths,
          minmay_temple_entry_sparse_star, serial_shops, shop, grunt_tough_drop
Temple:   nicolae_temple_figure_eight

Skill      XL: |  1  2  3  4  5  6  7 |
---------------+----------------------+-----
Fighting       | 2 3 4 |  4.1
Transmutations | 3 |  3.0
Poison Magic   | 1 2 3 |  3.0
Spellcasting   | 3 4 |  4.1
Unarmed Combat | 4 5 |  5.0
Dodging        | |  2.0

Action                   |  1- 3 |  4- 6 |  7- 9 || total
-------------------------+-------+-------+-------++-------
Melee: Unarmed           |    74 |    79 |    35 ||   188
       Constrict         |    22 |    21 |     4 ||    47
       Kick              |    10 |    16 |     4 ||    30
       Tentacles         |    14 |     9 |     3 ||    26
       Punch             |     1 |     3 |     1 ||     5
 Cast: Beastly Appendage |    18 |     9 |     4 ||    31
       Wereblood         |     2 |     2 |     1 ||     5
       Spider Form       |       |     4 |     2 ||     6
Evoke: Wand              |       |     1 |     1 ||     2
  Use: Scroll            |       |       |     8 ||     8
       Potion            |       |       |     1 ||     1
 Stab: Sleeping          |     8 |     1 |     1 ||    10
       Distracted        |     1 |       |       ||     1
Armor: Skin              |     4 |     3 |     3 ||    10
Dodge: Dodged            |    35 |    61 |    16 ||   112

Table legend: (Time is in decaauts)
 A = Elapsed time spent in this place.
 B = Non-inter-level travel time spent in this place.
 C = Inter-level travel time spent in this place.
 D = Time resting spent in this place.
 E = Time spent auto-exploring this place.
 F = Levels seen in this place.
 G = Mean time per level.
                   A        B        C        D        E       F      G
               +--------+--------+--------+--------+--------+-----+--------+
         Total |   5860 |   5641 |    219 |   1861 |   2860 |   6 |  976.7 |
       Dungeon |   5635 |   5424 |    211 |   1861 |   2654 |   5 | 1127.0 |
        Temple |    225 |    217 |      8 |      0 |    206 |   1 |  225.0 |
               +--------+--------+--------+--------+--------+-----+--------+

Top non-repeatable levels by time:
     D:4: 1797 daAuts
     D:3: 1355 daAuts
     D:2: 1282 daAuts
     D:1: 993 daAuts
  Temple: 225 daAuts
     D:5: 206 daAuts
